AoeStats
← Noobieski

Nomad

510530967Analyzed
4v4 RM · 1d ago on Oct 1, 2026· 48m 7s· 8 players
Game mode
Random Map
Map size
231×231
Population
200
Speed
Normal
Resources
Standard
Victory
Conquest
Starting age
Dark Age
Ending age
Imperial Age
RankedLock teamsTeams togetherTeam positionsShared explorationLock speedFull tech treeHidden civsTurbo modeCheats
Victory
Defeat
🇹🇷 Lithuanians · Türkiye
1345
+14
🇹🇷 Vikings · Türkiye
1324
+14
🇵🇱 Bengalis · Poland
1188
+20
🇨🇳 Koreans · China
1185
+20
🇹🇼 Persians · Taiwan
1300
-18
🇨🇳 Slavs · China
1289
-17
🇯🇵 Bulgarians · Japan
1275
-17
🇨🇳 Spanish · China
1266
-16
LDX.Heisi
4:42 Loom
13:25 Feudal Age
17:05 Castle Age
17:22 Double-Bit Axe
17:54 Horse Collar
18:53 Padded Archer Armor
19:13 Bow Saw
20:22 Wheelbarrow
24:53 Town Watch
25:40 Hand Cart
32:47 Gold Mining
32:51 Stone Mining
36:47 Imperial Age
34:47 Scale Barding Armor
35:00 Leather Archer Armor
34:51 Scale Barding Armor
34:56 Forging
36:04 Stone Shaft Mining
36:40 Heavy Plow
37:21 Bloodlines
37:11 Husbandry
37:50 Conscription
38:10 Ring Archer Armor
38:01 Masonry
37:41 Elite Conquistador
39:08 Chain Barding Armor
39:04 Cavalier
40:24 Plate Barding Armor
40:25 Iron Casting
41:44 Chemistry
41:15 Architecture
41:46 Paladin
42:47 Capped Ram
43:27 Capped Ram
47:55 Blast Furnace
46:56 Scale Mail Armor
48:46 Hoardings
KJI
5:08 Loom
14:12 Feudal Age
14:54 Gold Mining
14:51 Double-Bit Axe
18:05 Forging
17:52 Fishing Lines
20:24 Castle Age
23:10 Stone Mining
23:58 Bow Saw
24:40 Wheelbarrow
24:46 Medium Warships
25:51 Iron Casting
25:14 Gillnets
26:27 Horse Collar
27:43 Gold Shaft Mining
31:39 Scale Barding Armor
33:05 Chain Barding Armor
32:48 Scale Mail Armor
32:42 Fletching
36:57 Chain Mail Armor
39:35 Imperial Age
40:03 Hand Cart
39:52 Pikeman
chengaopeng044
3:43 Loom
14:17 Feudal Age
18:26 Castle Age
16:51 Double-Bit Axe
18:23 Scale Barding Armor
22:30 Town Watch
23:45 Wheelbarrow
25:40 Horse Collar
28:30 Bloodlines
28:41 Heavy Plow
28:53 Bow Saw
29:14 Forging
33:09 Hand Cart
42:12 Scale Mail Armor
42:53 Chain Mail Armor
43:31 Iron Casting
42:52 Pikeman
44:28 Squires
Noobieski
5:39 Loom
14:41 Feudal Age
18:07 Town Watch
20:36 Castle Age
20:21 Double-Bit Axe
23:05 Wheelbarrow
22:45 Horse Collar
23:18 Bow Saw
23:00 Pikeman
24:01 Light Cavalry
24:47 Man-at-Arms
25:28 Squires
26:02 Gold Mining
27:09 Heavy Plow
26:54 Long Swordsman
28:35 Scale Mail Armor
33:37 Bloodlines
33:27 Husbandry
34:14 Scale Barding Armor
34:20 Forging
34:50 Gold Shaft Mining
34:44 Hand Cart
36:22 Chain Barding Armor
42:48 Imperial Age
39:47 Light Cavalry
46:51 Halberdier
bayirm17
6:16 Loom
13:50 Feudal Age
18:08 Castle Age
16:17 Fishing Lines
16:45 Horse Collar
18:40 Double-Bit Axe
18:59 Heavy Plow
21:20 Bow Saw
22:58 Wheelbarrow
28:07 Bloodlines
28:34 Husbandry
28:28 Gold Mining
29:25 Scale Barding Armor
29:30 Forging
31:26 Chain Barding Armor
33:19 Iron Casting
37:50 Imperial Age
35:27 Light Cavalry
36:31 Hand Cart
36:35 Stone Mining
38:02 Cavalier
38:46 Tower Shields
39:07 Conscription
39:26 Town Watch
40:27 Paladin
43:04 Two-Man Saw
43:21 Stone Shaft Mining
44:12 Plate Barding Armor
46:56 Crop Rotation
47:00 Hill Forts
jkeR.!
10:31 Loom
13:15 Feudal Age
17:49 Castle Age
16:46 Horse Collar
16:58 Double-Bit Axe
19:55 Fletching
20:30 Stone Mining
20:31 Gold Mining
20:40 Gold Mining
21:22 Medium Warships
24:45 Fishing Lines
24:55 Fishing Lines
28:30 Bow Saw
29:18 Padded Archer Armor
32:05 Gold Shaft Mining
33:58 Heavy Plow
35:41 Wheelbarrow
35:50 Ballistics
35:28 Bodkin Arrow
35:49 Leather Archer Armor
39:59 Imperial Age
38:49 Hand Cart
39:42 Forging
39:33 Scale Mail Armor
39:39 Scale Barding Armor
40:42 Paiks
41:18 Conscription
42:27 Bracer
42:57 Ring Archer Armor
43:03 Iron Casting
42:43 Chain Mail Armor
43:34 Two-Man Saw
43:04 Crop Rotation
43:44 Chemistry
42:33 Arrowslits
42:38 Guard Tower
43:57 Elite Battle Elephant
44:49 Bloodlines
44:39 Husbandry
45:39 Chain Barding Armor
48:21 Blast Furnace
MADAO
4:06 Loom
14:37 Feudal Age
15:40 Double-Bit Axe
20:40 Castle Age
20:06 Fletching
20:08 Stone Mining
20:10 Gold Mining
24:55 Bodkin Arrow
26:16 Bow Saw
33:11 Wheelbarrow
40:32 Imperial Age
38:18 Hand Cart
37:49 Town Watch
38:05 Pikeman
38:46 Scale Mail Armor
40:08 Horse Collar
41:13 Chain Mail Armor
41:09 Forging
41:18 Thumb Ring
41:47 Conscription
42:12 Halberdier
43:23 Bracer
44:25 Chemistry
43:46 Ballistics
44:59 Gold Shaft Mining
44:59 Stone Shaft Mining
46:07 Two-Man Saw
46:08 Plate Mail Armor
46:13 Iron Casting
46:10 Squires
46:33 Fortified Wall
46:46 Elite War Wagon
Lordzek
3:42 Loom
14:29 Feudal Age
18:50 Fletching
22:36 Castle Age
20:18 Horse Collar
22:55 Forging
23:06 Scale Mail Armor
23:53 Pikeman
27:51 Fishing Lines
31:08 Double-Bit Axe
35:02 Gillnets
37:04 Heavy Plow
41:15 Imperial Age
40:05 Bow Saw
43:07 Chain Mail Armor
43:27 Iron Casting
45:13 Plate Mail Armor
45:02 Chieftains
45:47 Elite Berserk
Connection lost

Rejoining the realm…

Still unreachable

The connection could not be restored.

Session expired

The server has moved on; the page needs a fresh start.